 Dungeon Crawl Stone Soup version 0.24-a0-378-g94936e539c (webtiles) character file.

Game seed: 1604422094157948144

492 MachJacob the Stinger (level 6, -1/28 HPs)
             Began as a Spriggan Venom Mage on June 1, 2019.
             Was an Initiate of Dithmenos.
             Slain by a bullfrog zombie (6 damage)
             ... on level 4 of the Dungeon.
             The game lasted 00:16:13 (6384 turns).

MachJacob the Stinger (Spriggan Venom Mage)         Turns: 6384, Time: 00:16:13

Health: -1/28      AC:  2    Str:  4    XL:     6   Next: 91%
Magic:  13/13      EV: 16    Int: 19    God:    Dithmenos [......]
Gold:   175        SH:  0    Dex: 16    Spells: 3/13 levels left

rFire    . . .     SeeInvis +   a - +1 dagger (venom)
rCold    . . .     Gourm    .   (shield restricted)
rNeg     . . .     Faith    .   p - +0 robe
rPois    .         Spirit   .   (helmet restricted)
rElec    .         Reflect  .   (no cloak)
rCorr    .         Harm     .   (gloves unavailable)
MR       +....     Rnd*Tele +   (boots unavailable)
Stlth    ++........             (no amulet)
HPRegen  0.09/turn              l - ring of teleportation (curse)
MPRegen  0.13/turn              (no ring)

@: heavily drained, very quick
A: very small, unfitting armour, see invisible, herbivore, speed 3, slow
metabolism 2
a: Renounce Religion


You were on level 4 of the Dungeon.
You worshipped Dithmenos.
Dithmenos was noncommittal.
You were very hungry.

You visited 1 branch of the dungeon, and saw 4 of its levels.

You collected 175 gold pieces.

Inventory:

Hand Weapons
 a - a +1 dagger of venom (weapon)
Armour
 p - a +0 robe (worn)
 q - a +0 pair of gloves
Magical Staves
 w - an uncursed staff of energy
Jewellery
 l - a cursed ring of teleportation (left hand)
 m - an uncursed amulet of harm
Wands
 o - a wand of flame (19)
Scrolls
 b - a scroll of noise {unknown}
 d - a scroll of fear {unknown}
 f - a scroll of fog {unknown}
 g - a scroll of teleportation {unknown}
 h - 2 scrolls of amnesia {unknown}
 i - a scroll of blinking
 j - 3 scrolls of enchant armour {unknown}
Potions
 e - 3 potions of agility
 k - a potion of lignification
 n - a potion of haste
Comestibles
 c - 3 rations


   Skills:
 - Level 3.0(1.4) Dodging
 - Level 3.0(1.4) Stealth
 - Level 4.0(2.4) Spellcasting
 + Level 2.9(1.3) Conjurations
 + Level 3.1(1.6) Air Magic
 - Level 5.0(3.4) Poison Magic


You had 3 spell levels left.
You knew the following spells:

 Your Spells              Type           Power        Failure   Level  Hunger
a - Sting                 Conj/Pois      ##..         6%          1    #......
b - Poisonous Vapours     Pois/Air       ##....       9%          2    ##.....
c - Mephitic Cloud        Conj/Pois/Air  ##......     21%         3    ###....
d - Olgreb's Toxic Radia  Pois           ###.....     36%         4    #####..

Your spell library contained the following spells:

 Spells                   Type           Power        Failure   Level  Hunger
 Venom Bolt               Conj/Pois      ##........   86%         5    ######.


Dungeon Overview and Level Annotations

Branches:
Dungeon (4/15)             Temple (0/1) D:4

Altars:
Dithmenos
Gozag
Kikubaaqudgha
Nemelex Xobeh
Qazlal
Ru
Sif Muna
Vehumet
Wu Jian
Xom
Zin

Annotations:
D:2 1 runed translucent door, Crazy Yiuf


Innate Abilities, Weirdness & Mutations

You are very small and have problems with some larger weapons.
You are too small for most types of armour.
You have supernaturally acute eyesight. (SInv)
You are a herbivore.
You cover ground extremely quickly.
You need to consume almost no food.


Message History

The bullfrog zombie is heavily damaged.
The bullfrog zombie hits you.
You hit the bullfrog zombie.
The bullfrog zombie is heavily damaged.
The bullfrog zombie barely misses you. x2
You hit the bullfrog zombie.
The bullfrog zombie is heavily damaged.
The bullfrog zombie completely misses you.
You hit the bullfrog zombie.
The bullfrog zombie is severely damaged.
The bullfrog zombie hits you!
You hit the bullfrog zombie but do no damage.
The bullfrog zombie is severely damaged.
The bullfrog zombie hits you.
* * * LOW HITPOINT WARNING * * *
The bullfrog zombie hits you.
* * * LOW HITPOINT WARNING * * *
There is a stone staircase leading up, spattered with blood here.
The bullfrog zombie hits you.
You die...

........##(######.####.......
).......... #.# #.......
..#......###
#####.####....... #.#.....#
##.............Z.. #...>...#
##.......###.......
#.......##
#.........######.##
#.......8###.........# #.#
#..........Z...[..# #.#
###.P..###.@.....[.# ###[##
#........#.........####.....
#........##..[..........#.##
#...............[.....###.##
#..................##[..#...
#........#.........###.....#
#.......(........(.# #.....#
#..................# #.<...#
#..............(.[## ####...


You could see a bullfrog zombie.

Vanquished Creatures
  Eustachio (D:4)
  An ogre (D:4)
  A hound (D:3)
  An orc priest (D:4)
  Jessica (D:2)
  Terence (D:2)
  A worker ant zombie (D:4)
  3 gnolls (D:3)
  2 adders (D:2 D:3)
  An adder zombie (D:4)
  An ooze (D:3)
  A dart slug (D:1)
  5 leopard geckos (D:2 D:3 D:4)
  12 orcs (D:3 D:2 D:4)
  2 ball pythons (D:1 D:4)
  5 giant cockroaches (D:1 D:2 D:4)
  5 goblins (D:1 D:2)
  4 hobgoblins (D:1 D:2)
  6 jackals (D:1 D:2)
  4 quokkas (D:2 D:4)
  9 bats (D:1 D:2 D:3)
  6 frilled lizards (D:1 D:2 D:3)
  A jackal skeleton (D:4)
  5 kobolds (D:1 D:2 D:3)
  2 rats (D:1)
81 creatures vanquished.

Notes
Turn   | Place    | Note
-------+----------+-------------------------------------------
     0 | D:1      | MachJacob the Spriggan Venom Mage began the quest for the
                  | Orb.
     0 | D:1      | Reached XP level 1. HP: 9/9 MP: 5/5
   182 | D:1      | Reached XP level 2. HP: 13/13 MP: 3/6
   261 | D:1      | Learned a level 2 spell: Poisonous Vapours
   274 | D:1      | Reached skill level 1 in Conjurations
  1472 | D:2      | Reached XP level 3. HP: 16/16 MP: 5/8
  1477 | D:2      | Learned a level 3 spell: Mephitic Cloud
  1725 | D:2      | Found an opulent altar of Gozag.
  1725 | D:2      | Found a sparkling altar of Nemelex Xobeh.
  2120 | D:2      | Found a sacrificial altar of Ru.
  2301 | D:2      | Found a faded altar of an unknown god.
  2322 | D:2      | Found a runed translucent door.
  2323 | D:2      | Noticed Crazy Yiuf
  2475 | D:2      | Noticed Jessica
  2482 | D:2      | Killed Jessica
  2482 | D:2      | Reached XP level 4. HP: 21/21 MP: 2/10
  2674 | D:2      | Reached skill level 4 in Poison Magic
  2825 | D:2      | Found a glowing silver altar of Zin.
  2946 | D:3      | Reached skill level 1 in Air Magic
  3213 | D:3      | Found a shadowy altar of Dithmenos.
  3218 | D:3      | Became a worshipper of Dithmenos the Shadowed
  3413 | D:3      | Noticed Terence
  3449 | D:2      | Killed Terence
  3589 | D:3      | Reached XP level 5. HP: 24/24 MP: 8/11
  3652 | D:3      | Found a deep blue altar of Sif Muna.
  4111 | D:3      | Found a radiant altar of Vehumet.
  4115 | D:3      | Found an ancient bone altar of Kikubaaqudgha.
  4117 | D:3      | Found a shimmering altar of Xom.
  4118 | D:3      | Found an ornate altar of the Wu Jian Council.
  4121 | D:3      | Found a stormy altar of Qazlal.
  4504 | D:4      | Noticed an ogre
  4578 | D:4      | Killed an ogre
  4578 | D:4      | Reached skill level 5 in Poison Magic
  4578 | D:4      | Reached XP level 6. HP: 28/28 MP: 4/13
  4660 | D:3      | Learned a level 4 spell: Olgreb's Toxic Radiance
  4661 | D:4      | Noticed Eustachio
  5005 | D:4      | Killed Eustachio
  5829 | D:4      | Found a staircase to the Ecumenical Temple.
  6384 | D:4      | Slain by a bullfrog zombie

Levels and vault maps discovered:
D:1:      minmay_arrival_five_plusses, layout_basic, skrybe_limestone_x
D:2:      layout_loops_corners, grunt_temple_overflow_opulence, zin_scriptorium,
          lemuel_coloured_pillars_altar, chequers_ecumenical_altar_simple_redux,
          uniq_jessica, uniq_crazy_yiuf_cottage
D:3:      layout_basic, minitemple, lemuel_crystal_altar, lemuel_blue_sif_altar,
          uniq_terence
D:4:      layout_rooms, cheibriados_altar_1, temple_statues, serial_undead,
          serial_undead_d, serial_undead_c, serial_undead_a, serial_undead_f,
          serial_undead_e, serial_undead_d, serial_undead_c, serial_undead_a,
          feat_on_display, uniq_eustachio

Skill      XL: |  1  2  3  4  5  6 |
---------------+-------------------+-----
Spellcasting   | 3 4 |  4.0
Conjurations   | 1 2 |  2.9
Poison Magic   | 4 5 |  5.0
Air Magic      | 1 2 3 |  3.1
Dodging        | |  3.0
Stealth        | |  3.0

Action                   |  1- 3 |  4- 6 || total
-------------------------+-------+-------++-------
Melee: Dagger            |     1 |    82 ||    83
       Staff             |       |     1 ||     1
 Cast: Sting             |    79 |    26 ||   105
       Poisonous Vapours |     6 |    69 ||    75
       Mephitic Cloud    |       |     1 ||     1
Evoke: Staff of energy   |       |     2 ||     2
  Use: Scroll            |       |     6 ||     6
  Eat: Ration            |       |     1 ||     1
Armor: Robe              |       |    11 ||    11
Dodge: Dodged            |    12 |   107 ||   119

Table legend:
 A = Non-vault XP
 B = Vault XP
 C = Vault XP percentage of total XP
 D = Non-vault monster count
 E = Vault monster count
 F = Vault count percentage of total count
                 A         B        C        D         E       F
            +---------+---------+-------+---------+---------+-------
      Total |     411 |     292 |  41.5 |      75 |       6 |   7.4
            +---------+---------+-------+---------+---------+-------
        D:1 |      39 |       0 |   0.0 |      24 |       0 |   0.0
        D:2 |      53 |      73 |  57.9 |      21 |       2 |   8.7
        D:3 |     128 |       0 |   0.0 |      17 |       0 |   0.0
        D:4 |     191 |     219 |  53.4 |      13 |       4 |  23.5
            +---------+---------+-------+---------+---------+-------
